AoeStats
← Dolph

Arena

505599655Analyzed
1v1 RM · 23d ago on Sep 10, 2026· 32m 4s· 2 players
Game mode
Random Map
Map size
Tiny (2 player)
Population
200
Speed
Normal
Resources
Standard
Victory
Conquest
Starting age
Dark Age
Ending age
Imperial Age
RankedLock teamsTeams togetherTeam positionsShared explorationLock speedFull tech treeHidden civsTurbo modeCheats
Victory
Defeat
🇺🇸 Turks · United States
1106
+17
🇨🇱 Aztecs · Chile
1124
-17
doris_deadleg
10:48 Feudal Age
11:22 Feudal Age
15:23 Castle Age
18:15 Loom
21:19 Imperial Age
19:55 Double-Bit Axe
19:57 Horse Collar
26:25 Padded Archer Armor
27:46 Devotion
Dolph
11:20 Feudal Age
12:27 Loom
15:34 Castle Age
14:11 Double-Bit Axe
16:48 Bow Saw
19:49 Horse Collar
20:02 Gold Mining
22:21 Redemption
22:54 Eagle Warrior
23:58 Forging
24:23 Loom
24:32 Fletching
26:13 Scale Mail Armor
26:14 Bodkin Arrow
26:55 Iron Casting
26:37 Pikeman
27:34 Gambesons
28:34 Elite Skirmisher
29:51 Padded Archer Armor
29:59 Elite Skirmisher
33:52 Imperial Age
Connection lost

Rejoining the realm…

Still unreachable

The connection could not be restored.

Session expired

The server has moved on; the page needs a fresh start.